 Dungeon Crawl Stone Soup version 0.28.0-45-g0d030f2227 (webtiles) character file.

Game seed: 6316874461853939267

402227 MisterFreud the Slayer (level 22, -36/209 HPs)
             Began as a Palentonga Fighter on Apr 1, 2022.
             Was the Champion of Okawaru.
             Killed from afar by a hell knight (55 damage)
             ... with a bolt of fire
             ... on level 2 of the Depths.
             The game lasted 02:01:27 (56085 turns).

MisterFreud the Slayer (Palentonga Fighter)        Turns: 56085, Time: 02:01:27

Health: -36/209    AC: 47    Str: 37    XL:     22   Next: 30%
Magic:  29/29      EV:  4    Int:  9    God:    Okawaru [******]
Gold:   4865       SH: 18    Dex: 14    Spells: 21/21 levels left

rFire   x . .      SeeInvis +   R - +10 eveningstar of Okawaru's Pride {freeze, rC++}
rCold   + + +      Faith    .   N - +0 tower shield
rNeg    + + +      Spirit   .   p - +8 storm dragon scales {Bai Suzhen}
rPois   .          Reflect  .   n - +0 hat "Siosumo" {*Corrode rElec rF- Will+++}
rElec   +          Harm     +   u - +0 cloak of Impatience {Str+4}
rCorr   +          Rampage  .   g - +2 pair of gloves of Philately {Harm *Slow Will+ Str+7}
Will    +++++                   v - +3 barding of Okawaru's Whim {+Blink rC+ rN+++}
Stlth   ..........              s - amulet of regeneration
HPRegen 1.24/turn               o - +4 ring of protection
MPRegen 0.21/turn               J - ring of resist corrosion

@: lethally poisoned (-36 -> -38), corroded, studying 2 skills, curled up
A: large, rugged brown scales 3, see invisible, deformed body, roll 1, armoured
tail, reflexive curl
}: 2/15 runes: decaying, gossamer
a: Rolling Charge, Renounce Religion, Evoke Blink, Heroism, Finesse, Duel


You were on level 2 of the Depths.
You worshipped Okawaru.
Okawaru was exalted by your worship.
You visited 9 branches of the dungeon, and saw 41 of its levels.
You also visited: Bailey.

You collected 5464 gold pieces.
You spent 599 gold pieces at shops.

Inventory:

Hand Weapons
 h - a +5 vampiric morningstar
 q - a +1 demon whip of chaos
 R - the +10 eveningstar of Okawaru's Pride (weapon) {freeze, rC++}
   (Okawaru gifted it to you on level 2 of the Elven Halls)

   It freezes those it strikes, dealing additional cold damage.
   It can also slow down cold-blooded creatures.
   rC:        It greatly protects you from cold.
Missiles
 Z - 3 throwing nets
Armour
 c - a +2 buckler of reflection
 g - the +2 pair of gloves of Philately (worn) {Harm *Slow Will+ Str+7}
   (You acquired it on level 9 of the Dungeon)

   Str:       It affects your strength (+7).
   *Slow:     It may slow you when you take damage.
   Harm:      It increases damage dealt and taken.
   Will:      It increases your willpower.
 n - the +0 hat "Siosumo" (worn) {*Corrode rElec rF- Will+++}
   (You found it on level 4 of the Spider Nest)

   rF:        It makes you vulnerable to fire.
   rElec:     It insulates you from electricity.
   *Corrode:  It may corrode you when you take damage.
   Will:      It greatly increases your willpower.
 p - +8 storm dragon scales (worn) {Bai Suzhen}
 u - the +0 cloak of Impatience (worn) {Str+4}
   (Okawaru gifted it to you on level 5 of the Lair of Beasts)

   Str:       It affects your strength (+4).
 v - the +3 barding of Okawaru's Whim (worn) {+Blink rC+ rN+++}
   (Okawaru gifted it to you on level 1 of the Spider Nest)

   rC:        It protects you from cold.
   rN:        It renders you almost immune to negative energy.
   +Blink:    It lets you blink.
 N - a +0 tower shield (worn)
Jewellery
 b - the ring of Zireleu {Fly rC++ Will+ MP-9}
   (You acquired it on level 9 of the Dungeon)

   [ring of flight]

   rC:        It greatly protects you from cold.
   MP:        It affects your magic capacity (-9).
   Fly:       It grants you flight.
   Will:      It increases your willpower.
 l - the amulet of Kienaonu {Acrobat rElec}
   (You acquired it on level 3 of the Vaults)

   [amulet of the acrobat]

   It increases your evasion while moving and waiting.
   rElec:     It insulates you from electricity.
 o - a +4 ring of protection (left hand)
 s - an amulet of regeneration (around neck)
 J - a ring of resist corrosion (right hand)
 O - the ring "Igod" {+Blink rC+ Dex+4}
   (You found it on level 6 of the Lair of Beasts)

   [ring of protection from cold]

   Dex:       It affects your dexterity (+4).
   rC:        It protects you from cold.
   +Blink:    It lets you blink.
 P - a +4 ring of evasion
Wands
 y - a wand of flame (61)
 F - a wand of acid (3)
 I - a wand of digging (10)
 Q - a wand of paralysis (9)
 T - a wand of iceblast (76)
 W - a wand of mindburst (30)
 Y - a wand of polymorph (13)
Scrolls
 a - a scroll of silence
 i - 4 scrolls of amnesia
 k - 12 scrolls of teleportation
 t - 16 scrolls of identify
 w - 2 scrolls of fear
 A - a scroll of holy word
 E - 4 scrolls of enchant weapon
 K - 4 scrolls of magic mapping
 S - 9 scrolls of fog
Potions
 d - 7 potions of might
 e - 6 potions of ambrosia
 f - 10 potions of curing
 m - 4 potions of lignification
 r - 6 potions of heal wounds
 x - 4 potions of brilliance
 B - 8 potions of flight
 D - 2 potions of berserk rage
 G - 12 potions of haste
 L - 3 potions of invisibility
 M - 8 potions of mutation
 V - a potion of resistance
 X - 6 potions of magic
Miscellaneous
 j - a condenser vane
 C - a phial of floods
 U - a lightning rod (4/4)


   Skills:
 - Level 22.0 Fighting
 - Level 22.0 Maces & Flails
 + Level 18.2 Armour
 + Level 13.3 Shields
 - Level 10.0 Invocations
 - Level 10.0 Evocations


You had 21 spell levels left.
You didn't know any spells.
Your spell library contained the following spells:

 Spells                   Type           Power      Damage    Failure   Level
 Foxfire                  Conj/Fire      0%         2x1d4     96%         1
 Pain                     Necr           0%         1d4       96%         1
 Shock                    Conj/Air       0%         1d3       96%         1
 Sting                    Tmut/Pois      0%         1d3       96%         1
 Corpse Rot               Necr/Air       0%         N/A       99%         2
 Ensorcelled Hibernation  Hex/Ice        0%         N/A       99%         2
 Passwall                 Tmut/Erth      0%         N/A       99%         2
 Poisonous Vapours        Pois/Air       0%         N/A       99%         2
 Static Discharge         Conj/Air       0%         N/A       99%         2
 Sublimation of Blood     Necr           0%         N/A       99%         2
 Conjure Flame            Conj/Fire      0%         6-21      100%        3
 Dazzling Flash           Conj/Hex       0%         N/A       100%        3
 Gell's Gravitas          Tloc           0%         N/A       100%        3
 Ignite Poison            Fire/Tmut/Pois 0%         N/A       100%        3
 Inner Flame              Hex/Fire       0%         N/A       100%        3
 Lesser Beckoning         Tloc           0%         N/A       100%        3
 Stone Arrow              Conj/Erth      0%         3d7       100%        3
 Swiftness                Air            0%         N/A       100%        3
 Teleport Other           Tloc           0%         N/A       100%        3
 Vampiric Draining        Necr           0%         2d6       100%        3
 Airstrike                Air            0%         N/A       100%        4
 Anguish                  Hex/Necr       0%         N/A       100%        4
 Cause Fear               Hex            0%         N/A       100%        4
 Flame Wave               Conj/Fire      0%         2d4       100%        4
 Hailstorm                Conj/Ice       0%         3d3       100%        4
 Ice Form                 Ice/Tmut       0%         N/A       100%        4
 Olgreb's Toxic Radiance  Pois           0%         N/A       100%        4
 Petrify                  Tmut/Erth      0%         N/A       100%        4
 Sticky Flame             Conj/Fire      0%         2d3       100%        4
 Agony                    Necr           0%         N/A       100%        5
 Alistair's Intoxication  Tmut/Pois      0%         N/A       100%        5
 Borgnjor's Vile Clutch   Necr/Erth      0%         N/A       100%        5
 Fireball                 Conj/Fire      0%         3d3       100%        5
 Irradiate                Conj/Tmut      0%         3d13      100%        5
 Iskenderun's Battlesphe  Conj           0%         2d6       100%        5
 Lightning Bolt           Conj/Air       0%         1d11      100%        5
 Silence                  Hex/Air        0%         N/A       100%        5
 Dispersal                Tloc           0%         N/A       100%        6
 Eringya's Noxious Bog    Tmut/Pois      0%         N/A       100%        6
 Iron Shot                Conj/Erth      0%         9d1       100%        6
 Starburst                Conj/Fire      0%         6d3       100%        6
 Enfeeble                 Hex            0%         N/A       100%        7
 Ozocubu's Refrigeration  Ice            0%         4d5       100%        7
 Discord                  Hex            0%         N/A       100%        8
 Ignition                 Fire           0%         3d3       100%        8
 Lehudib's Crystal Spear  Conj/Erth      0%         10d2      100%        8
 Fire Storm               Conj/Fire      0%         5d1       100%        9
 Animate Skeleton         Necr           Unusable   N/A       N/A         1
 Tukima's Dance           Hex            Unusable   N/A       N/A         3
 Animate Armour           Summ/Erth      Unusable   N/A       N/A         4
 Summon Lightning Spire   Summ/Air       Unusable   N/A       N/A         4
 Simulacrum               Ice/Necr       Unusable   N/A       N/A         6

Dungeon Overview and Level Annotations

Branches:
Dungeon (15/15)            Temple (1/1) D:6            Lair (6/6) D:8
  Swamp (4/4) Lair:3       Spider (4/4) Lair:2        Slime (0/5) Lair:6
    Orc (2/2) D:12            Elf (3/3) Orc:2        Vaults (4/5) D:14
  Crypt (0/3) Vaults:2     Depths (2/4) D:15         Bailey (visited)

Altars:
Ashenzari
Dithmenos
Elyvilon
Fedhas
Hepliaklqana
Kikubaaqudgha
Makhleb
Nemelex Xobeh
Okawaru
Qazlal
Ru
Sif Muna
Trog
Vehumet
Wu Jian
Xom
Zin
The Shining One
Beogh
Jiyva

Shops:
D:11 *   Orc:1 (   Orc:2 =*(=?   Elf:2 (   Elf:3 (   Vaults:4 (

Portals:
Hell: Depths:2
Pandemonium: Depths:2
Trove: Depths:2 (give +7 demon whip)

Annotations:
D:2 1 runed translucent door, Crazy Yiuf
D:4 2 transporters, sobakacece's ghost, amateur DEFE
Lair:4 exclusion: oklob plant
Depths:1 1 runed translucent door


Innate Abilities, Weirdness & Mutations

You are completely covered in rugged brown scales. (AC +3, +7% HP)
You have supernaturally acute eyesight. (SInv)
Armour fits poorly on your strangely shaped body.
You can roll at nearby foes to attack.
You have a long armoured tail.
You curl defensively after being hit. (AC +7*)


Message History

The bolt of fire hits you!!! The fire burns you terribly!
You block the spriggan defender's attack.
The vampire knight hits you with a +2 vorpal long sword.
* * * LOW HITPOINT WARNING * * *
x2 The vampire knight bites you but does no damage.
The green ugly thing gores you but does no damage.
You completely miss the green ugly thing.
The green ugly thing is lightly wounded.
You feel very sick.
The hell knight hits you but does no damage.
You block the spriggan defender's attack.
You are unaffected.
The stone giant throws a large rock.
The large rock barely misses the vampire knight.
The large rock barely misses you.
You block the green ugly thing's attack.
You spit the green ugly thing like a pig!!!
You freeze the green ugly thing!
You kill the green ugly thing!
Okawaru accepts your kill.
You feel very sick.
You block the spriggan defender's attack.
You block the hell knight's attack. You block the vampire knight's attack.
The vampire knight bites you but does no damage.
The spriggan defender hits you with a +3 flail of venom!
* * * LOW HITPOINT WARNING * * *
Your corrosive artefact corrodes you!
You block the hell knight's attack.
You have finished your manual of Armour and toss it away.
You feel very sick. The fire dragon breathes flames at you.
The blast of flame hits the vampire knight!!
The blast of flame hits you! The fire burns you terribly!
* * * LOW HITPOINT WARNING * * *
You block the hell knight's attack.
The vampire knight hits you with a +2 vorpal long sword!
* * * LOW HITPOINT WARNING * * *
x2 You block the vampire knight's attack.
You feel much better.
You feel sick.
The hell knight gestures at you while chanting.
The bolt of fire hits you!!! The fire burns you terribly!
You die...

#............#..##..
##.##.#.#.#)##.###..
#..###'###'###..##..
##..#..# #.[#..###..
#..8#..# #[.#8..##..
##..#..# #.)#..###..
#..##### #####..##..
##.##.#.#.#. #.###..
#..@ViD..... #..##..
##.#p#C#.##. #.###..
##'###'# #..##.. ..
## .# #.###.. #..###
# #..##.. #..###
#.###.. ######
#..##.. #. #.###..
#..##..


You could see a fire dragon (catching breath), a stone giant, a vampire knight
(fast, invisible), a spriggan defender and a hell knight (fast).

Vanquished Creatures
  Mennas (Arena)
  Bai Suzhen (Arena)
  Arachne (Spider:3)
  A tentacled monstrosity (Swamp:1)
  Rupert (Lair:5)
  2 liches
  2 deep elf master archers (Elf:3)
  3 deep elf blademasters (Elf:3)
  2 ancient champions (Vaults:2)
  A titan (Depths:2)
  Kirke (Swamp:3)
  3 thorn hunters (Swamp:4)
  3 tengu reavers
  A fire giant (Depths:2)
  A fenstrider witch (Swamp:2)
  17 vault wardens
  A nagaraja (Depths:1)
  A frost giant (Vaults:3)
  5 emperor scorpions
  Aizul (Vaults:4)
  Louise (D:14)
  3 orc warlords
  7 ghost moths
  7 deep elf sorcerers (Elf:3)
  10 very ugly things
  3 ghouls
  3 spriggan defenders (Depths:2)
  7 ironbound thunderhulks
  17 ironbound preservers
  6 stone giants
  3 deep elf elementalists
  A draconian annihilator (Depths:1)
  A broodmother (Spider:1)
  5 eleionomae
  5 deep elf demonologists
  11 dire elephants
  6 entropy weavers
  11 deep elf annihilators
  3 bunyips
  3 spark wasps
  A deep elf death mage (Elf:3)
  3 ettins
  2 fire dragons
  7 ice dragons
  5 great orbs of eyes
  9 jiangshi
  2 rakshasas
  A shambling mangrove (Swamp:4)
  Harold (D:7)
  5 deep elf high priests (Elf:3)
  11 yaktaur captains
  A hell beast (Depths:2)
  8 vault guards
  3 ghost crabs
  2 jorogumos
  7 boulder beetles
  28 hydras
  9 centaur warriors
  3 two-headed ogres
  A radroach (Spider:3)
  An ogre mage (D:14)
  3 merfolk aquamancers (D:15)
  9 ironbound frosthearts
  14 alligators
  A death knight (D:13)
  2 deep troll shamans (Depths:1)
  27 dancing weapons
  5 tengu warriors
  5 vampire magi
  4 deep troll earth magi
  A titan zombie (Vaults:1)
  9 death yaks
  2 spriggan berserkers
  5 orc high priests
  A hell knight (Depths:2)
  14 deep elf knights
  A sun demon (Depths:2)
  2 sun moths
  10 pharaoh ants
  5 iron trolls (Depths:1)
  2 glowing orange brains
  3 goliath frogs
  7 spriggan druids
  A steelbarb worm (Spider:1)
  3 orb spiders
  4 skeletal warriors
  2 shadow demons (Elf:2)
  51 deep trolls
  13 swamp dragons
  A goliath frog (shapeshifter) (D:13)
  13 lindwurms
  24 bog bodies
  2 shadow dragon zombies
  A flayed ghost (Depths:2)
  11 wizards
  Pikel (D:7)
  6 deep elf archers
  16 ironbound convokers
  36 deep elf pyromancers
  6 necromancers
  5 harpies (Vaults:1)
  21 deep elf zephyrmancers
  15 orc knights
  11 orc sorcerers
  4 cyclopes
  3 manticores
  A mana viper (shapeshifter) (D:13)
  A sphinx skeleton (Vaults:1)
  3 moths of wrath
  3 will-o-the-wisps
  40 ugly things
  18 elephants (Lair:5)
  12 wolf spiders
  2 elf zombies
  A naga mage (Vaults:4)
  An eye of devastation (shapeshifter) (D:13)
  Joseph (D:8)
  5 black mambas
  3 centaur zombies
  9 vault sentinels
  2 gargoyles (D:13)
  2 torpor snails (Spider:2)
  An eye of devastation (Spider:1)
  Maggie (D:7)
  2 unseen horrors
  7 komodo dragons
  15 cane toads
  5 kobold demonologists
  37 yaktaurs
  2 rime drakes
  11 demonic crawlers
  5 hellwings
  An unseen horror (shapeshifter) (Vaults:3)
  An ice devil (Depths:2)
  6 tengu conjurers
  A freezing wraith (D:14)
  6 trolls
  A harpy zombie (D:10)
  21 meliai
  A red devil (Depths:2)
  A wind drake (Spider:4)
  A merfolk (Spider:4)
  10 tyrant leeches
  17 hornets
  21 slime creatures
  20 tarantellas
  6 dream sheep (Lair:6)
  15 blink frogs
  A stone giant simulacrum (Vaults:3)
  2 meliai zombies (D:10)
  A snapping turtle (Spider:4)
  An air elemental (Elf:1)
  3 ettin zombies
  40 jumping spiders
  19 culicivoras
  2 water elementals
  26 yaks
  11 spriggans
  5 humans (Swamp:3)
  A centaur simulacrum (D:14)
  2 ynoxinuls (Depths:2)
  A hog (shapeshifter) (D:13)
  3 wraiths
  A shadow (D:13)
  Grum (D:8)
  7 basilisks
  2 wyverns
  3 fire elementals
  Eustachio (D:6)
  A steam dragon (D:8)
  16 vampire mosquitoes
  51 redbacks
  6 wargs
  Menkaure (D:4)
  15 swamp worms
  A swamp worm (shapeshifter) (D:13)
  Edmund (D:4)
  2 hydra simulacra (Swamp:3)
  6 acid dragons
  A floating eye (Depths:1)
  10 water moccasins
  Duvessa (D:4)
  6 swamp drakes (Swamp:4)
  5 ice beasts
  4 black bears
  A hornet zombie (D:10)
  34 orc warriors
  7 necrophages
  A sky beast (D:7)
  9 ogres
  6 boggarts
  6 wolves
  4 centaurs
  A lemure (D:6)
  4 kobold brigands
  An elf simulacrum (Vaults:4)
  17 bullfrogs
  2 earth elementals (Elf:1)
  A gnoll sergeant (D:5)
  A wyvern zombie (D:8)
  A human skeleton (Vaults:3)
  2 scorpions
  Dowan (D:4)
  A killer bee (D:9)
  6 electric eels
  A howler monkey (D:13)
  A bullfrog zombie (D:7)
  15 orc priests
  3 centaur skeletons
  2 hounds (D:5)
  3 jellies
  A gnoll shaman (D:9)
  A scorpion zombie (D:4)
  50 orc wizards
  4 iguanas
  2 hound zombies (D:5)
  3 howler monkey zombies (D:9)
  11 gnolls
  A howler monkey skeleton (D:6)
  11 adders
  4 shadow imps
  2 white imps (D:7)
  3 worms
  3 dart slugs
  110 orcs
  5 ball pythons
  7 endoplasms
  3 giant cockroaches
  15 goblins
  15 hobgoblins
  30 kobolds
  2 quokkas (D:1)
  7 bats
  3 frilled lizards
  6 rats
1663 creatures vanquished.

Vanquished Creatures (others)
  A deep elf zephyrmancer (Elf:2)
  A swamp drake (Swamp:4)
  An orc priest (Orc:2)
  2 orcs
  4 briar patches (Swamp:4)
  2 bushes (Lair:6)
  12 foxfires
  143 fungi
  179 plants
  7 withered plants (D:10)
352 creatures vanquished.

Grand Total: 2015 creatures vanquished

Notes
Turn   | Place    | Note
-------+----------+-------------------------------------------
     0 | D:1      | MisterFreud the Palentonga Fighter began the quest for the
                  | Orb.
     0 | D:1      | Reached XP level 1. HP: 19/19 MP: 1/1
   198 | D:1      | Reached XP level 2. HP: 14/25 MP: 2/2
  1388 | D:2      | Reached XP level 3. HP: 25/31 MP: 3/3
  2285 | D:2      | Identified the +6 mace of Kismet {venom, rElec rPois rN+++
                  | Dex-2}
  2289 | D:2      | Found a runed translucent door.
  2290 | D:2      | Noticed Crazy Yiuf
  2331 | D:3      | Reached XP level 4. HP: 37/37 MP: 4/4
  2556 | D:3      | Noticed an ogre
  2648 | D:3      | Noticed a black bear
  2650 | D:3      | Killed a black bear
  2651 | D:3      | Reached skill level 5 in Maces & Flails
  2651 | D:3      | Reached XP level 5. HP: 43/43 MP: 5/5
  2684 | D:4      | Noticed a necrophage
  2945 | D:3      | Killed a necrophage
  2946 | D:3      | Reached XP level 6. HP: 43/51 MP: 6/6
  3121 | D:4      | Found a shimmering altar of Xom.
  3132 | D:5      | Entered Level 5 of the Dungeon
  3224 | D:4      | Noticed Menkaure
  3236 | D:5      | HP: 1/52 [gnoll/+0 flail (5)]
  3753 | D:5      | Gained mutation: You curl defensively after being hit. (AC
                  | +7*) [Palentonga growth]
  3753 | D:5      | Reached XP level 7. HP: 58/58 MP: 7/7
  3818 | D:5      | Reached skill level 5 in Fighting
  3952 | D:5      | Reached XP level 8. HP: 28/68 MP: 8/8
  4265 | D:3      | Found a faded altar of an unknown god.
  4345 | D:4      | Noticed Duvessa
  4403 | D:4      | Killed Duvessa
  4406 | D:4      | Noticed sobakacece's ghost (amateur DEFE)
  4418 | D:4      | Noticed Dowan
  4432 | D:4      | Killed Dowan
  4483 | D:4      | Noticed Edmund
  4495 | D:4      | Killed Edmund
  4640 | D:4      | Killed Menkaure
  4641 | D:4      | Reached skill level 10 in Maces & Flails
  4641 | D:4      | Reached XP level 9. HP: 64/77 MP: 9/9
  4908 | D:4      | Found a transporter.
  4911 | D:4      | Found a transporter.
  5503 | D:6      | Identified the +2 robe "Xoorchiar" {Int+4}
  5511 | D:6      | Found a staircase to the Ecumenical Temple.
  5521 | D:6      | Noticed Eustachio
  5536 | D:6      | Killed Eustachio
  5545 | Temple   | Entered the Ecumenical Temple
  5569 | Temple   | Became a worshipper of Warmaster Okawaru
  6344 | D:7      | Noticed Pikel
  6391 | D:7      | Noticed Maggie
  6404 | D:7      | Killed Maggie
  6415 | D:7      | Reached * piety under Okawaru
  6776 | D:7      | Identified the +7 leather armour of the Beginning {rPois
                  | rC++ Str-2 Dex-3}
  6894 | D:7      | Reached skill level 1 in Invocations
  7093 | D:7      | Reached XP level 10. HP: 63/87 MP: 9/11
  7256 | D:7      | Noticed Harold
  7289 | D:7      | Killed Harold
  7289 | D:7      | Reached ** piety under Okawaru
  7295 | D:7      | Killed Pikel
  8092 | D:8      | Noticed Joseph
  8102 | D:8      | Killed Joseph
  8426 | D:8      | Noticed a deep elf pyromancer
  8435 | D:8      | Killed a deep elf pyromancer
  8435 | D:8      | Reached *** piety under Okawaru
  8589 | D:8      | Found a staircase to the Lair.
  8767 | D:8      | Noticed Grum
  8787 | D:8      | Killed Grum
  9371 | D:9      | Found a flagged portal.
  9386 | Bailey   | Entered a bailey
  9414 | Bailey   | Reached skill level 10 in Fighting
  9425 | Bailey   | Reached XP level 11. HP: 85/96 MP: 14/14
  9565 | Bailey   | Noticed an orc high priest
  9578 | Bailey   | Killed an orc high priest
  9661 | Bailey   | Noticed an orc knight
  9673 | Bailey   | Killed an orc knight
  9673 | Bailey   | Reached **** piety under Okawaru
  9675 | Bailey   | Noticed an orc knight
  9694 | Bailey   | Killed an orc knight
 10080 | Bailey   | Found an iron altar of Okawaru.
 10080 | Bailey   | Noticed an orc knight
 10113 | Bailey   | Killed an orc knight
 10345 | Bailey   | Got Tuhaosh's Volume of Shifting Earth
 10453 | D:9      | Acquired the +2 pair of gloves of Philately {Harm *Slow
                  | Will+ Str+7}
 10465 | D:9      | Acquired the ring of Zireleu {Fly rC++ Will+ MP-9}
 10926 | D:9      | Identified the +10 long sword of Spring {spect, +Blink rC-
                  | rCorr SInv}
 11067 | D:10     | Entered Level 10 of the Dungeon
 11693 | D:10     | Reached skill level 5 in Armour
 11693 | D:10     | Reached skill level 5 in Shields
 11969 | D:10     | Reached ***** piety under Okawaru
 12782 | D:11     | Noticed a red ugly thing
 12786 | D:11     | Killed a red ugly thing
 12934 | D:11     | Noticed a boulder beetle
 12941 | D:11     | Found Feunk's Elemental Accessories.
 12945 | D:11     | Killed a boulder beetle
 12946 | D:11     | Reached skill level 5 in Invocations
 12946 | D:11     | Reached XP level 12. HP: 69/103 MP: 14/16
 13514 | D:12     | Noticed a two-headed ogre
 13517 | D:12     | Killed a two-headed ogre
 14001 | D:12     | HP: 5/103 [skeletal warrior/+0 hand axe[a skeletal warrior]
                  | (20)]
 14575 | Lair:1   | Entered Level 1 of the Lair of Beasts
 14645 | Lair:1   | Noticed a six-headed hydra
 14650 | Lair:1   | Killed a six-headed hydra
 14754 | Lair:1   | Identified the +0 robe "Jaettyi" {rC+}
 15926 | Lair:2   | Received a gift from Okawaru
 16061 | Lair:2   | Received a gift from Okawaru
 16357 | Lair:2   | You are sucked into a shaft and drop 2 floors!
 16547 | Lair:3   | Found a staircase to the Swamp.
 17248 | Lair:2   | Reached XP level 13. HP: 107/110 MP: 19/19
 17411 | Lair:2   | Found a hole to the Spider Nest.
 18963 | Lair:5   | Reached ****** piety under Okawaru
 19751 | Lair:5   | Noticed Rupert
 19765 | Lair:5   | Killed Rupert
 19865 | Lair:5   | Identified the +0 cloak of Impatience {Str+4} (Okawaru
                  | gifted it to you on level 5 of the Lair of Beasts)
 19865 | Lair:5   | Received a gift from Okawaru
 19886 | Lair:5   | Reached skill level 10 in Armour
 19886 | Lair:5   | Reached skill level 10 in Shields
 19908 | Lair:5   | Reached skill level 1 in Evocations
 20470 | Lair:5   | Noticed a dire elephant
 20515 | Lair:5   | Killed a dire elephant
 20729 | Lair:6   | Entered Level 6 of the Lair of Beasts
 20800 | Lair:6   | Reached XP level 14. HP: 109/117 MP: 20/20
 20808 | Lair:6   | Reached skill level 5 in Evocations
 21710 | Lair:6   | Found a staircase to the Slime Pits.
 21711 | Lair:6   | Found a viscous altar of Jiyva.
 21867 | Lair:6   | Received a gift from Okawaru
 21895 | Lair:6   | Identified the ring "Igod" {+Blink rC+ Dex+4}
 23156 | D:9      | Reached skill level 10 in Invocations
 23690 | D:12     | Found a staircase to the Orcish Mines.
 25692 | D:13     | Reached skill level 10 in Evocations
 25718 | D:13     | Identified the +0 barding of Worass {Str+3} (Okawaru gifted
                  | it to you on level 13 of the Dungeon)
 25718 | D:13     | Received a gift from Okawaru
 26155 | D:13     | Reached XP level 15. HP: 31/125 MP: 20/22
 27444 | D:14     | Identified the -2 tower shield of the Lonely Songs {-Tele
                  | rF+ Will++}
 27444 | D:14     | Noticed Louise
 27467 | D:14     | Killed Louise
 28042 | D:14     | Found a sparkling altar of Nemelex Xobeh.
 28185 | D:14     | Found a gate to the Vaults.
 28370 | D:15     | Entered Level 15 of the Dungeon
 28948 | D:15     | Found a glowing golden altar of the Shining One.
 29339 | D:15     | Found a staircase to the Depths.
 29570 | Orc:1    | Entered Level 1 of the Orcish Mines
 29624 | Orc:1    | Found Qoho's Weapon Shoppe.
 29703 | Orc:2    | Entered Level 2 of the Orcish Mines
 29860 | Orc:1    | Received a gift from Okawaru
 30331 | Orc:2    | Found Samaid's Weapon Shoppe.
 30551 | Orc:2    | Found a runed translucent door.
 30569 | Orc:2    | Found a staircase to the Elven Halls.
 30685 | Orc:2    | Found Kerel's Magic Scroll Shop.
 30685 | Orc:2    | Found Xeoff's Jewellery Emporium.
 30690 | Orc:2    | Bought a scroll of teleportation for 42 gold pieces
 30690 | Orc:2    | Bought a scroll of blinking for 105 gold pieces
 30690 | Orc:2    | Bought a scroll of magic mapping for 49 gold pieces
 30690 | Orc:2    | Bought a scroll of fog for 28 gold pieces
 30690 | Orc:2    | Bought a scroll of teleportation for 42 gold pieces
 30764 | Orc:2    | Found Foompor's Assorted Antiques.
 30764 | Orc:2    | Found Ducago's Jewellery Emporium.
 30770 | Orc:2    | Bought a potion of heal wounds for 185 gold pieces
 30770 | Orc:2    | Bought a potion of might for 148 gold pieces
 31393 | Orc:1    | Reached skill level 15 in Fighting
 31622 | Orc:1    | Found a shimmering blue altar of Sif Muna.
 32138 | Spider:1 | Entered Level 1 of the Spider Nest
 32356 | Spider:1 | Identified the +1 ring mail of Donlitz {rC+}
 32547 | Spider:1 | Reached XP level 16. HP: 145/145 MP: 23/23
 32561 | Spider:1 | Identified the +3 barding of Okawaru's Whim {+Blink rC+
                  | rN+++} (Okawaru gifted it to you on level 1 of the Spider
                  | Nest)
 32561 | Spider:1 | Received a gift from Okawaru
 34832 | Spider:2 | HP: 3/145 [wolf spider (20)]
 35998 | Spider:3 | Noticed Arachne
 36025 | Spider:3 | Killed Arachne
 36194 | Spider:2 | Received a gift from Okawaru
 37095 | Spider:4 | Entered Level 4 of the Spider Nest
 37432 | Spider:4 | Received a gift from Okawaru
 37628 | Spider:4 | Reached XP level 17. HP: 154/154 MP: 24/24
 39163 | Spider:4 | Identified the +0 hat "Siosumo" {*Corrode rElec rF-
                  | Will+++}
 39179 | Spider:4 | Got a gossamer rune of Zot
 39431 | Swamp:1  | Entered Level 1 of the Swamp
 39431 | Swamp:1  | Noticed a tentacled monstrosity
 39440 | Swamp:1  | Killed a tentacled monstrosity
 39751 | Swamp:1  | Identified the +5 barding of Vuafy {rN+ Dex+3} (Okawaru
                  | gifted it to you on level 1 of the Swamp)
 39751 | Swamp:1  | Received a gift from Okawaru
 40793 | Swamp:3  | Identified the +6 trident "Jeenat" {vorpal, rPois rN+ Dex+3
                  | Stlth-}
 41008 | Swamp:3  | Noticed Kirke
 41016 | Swamp:3  | Killed Kirke
 41092 | Swamp:3  | Identified the +0 barding "Gepe Tomn" {Str+7} (Okawaru
                  | gifted it to you on level 3 of the Swamp)
 41092 | Swamp:3  | Received a gift from Okawaru
 41402 | Swamp:4  | Entered Level 4 of the Swamp
 41441 | Swamp:3  | Reached XP level 18. HP: 173/173 MP: 25/25
 42192 | Swamp:4  | Got a decaying rune of Zot
 42594 | Swamp:2  | Identified the +0 barding of Responsibility {rCorr}
                  | (Okawaru gifted it to you on level 2 of the Swamp)
 42594 | Swamp:2  | Received a gift from Okawaru
 43176 | Vaults:1 | Entered Level 1 of the Vaults
 43871 | Vaults:1 | Reached skill level 15 in Armour
 44124 | Vaults:1 | Reached XP level 19. HP: 177/180 MP: 26/26
 44365 | Vaults:2 | Reached skill level 15 in Maces & Flails
 44384 | Vaults:2 | Received a gift from Okawaru
 44779 | Vaults:2 | You fall into a shaft and drop 1 floor!
 44886 | Vaults:3 | Received a gift from Okawaru
 46010 | Vaults:2 | Found a staircase to the Crypt.
 46168 | Vaults:3 | Received a gift from Okawaru
 46616 | Vaults:3 | Noticed Mennas
 47009 | Elf:1    | Entered Level 1 of the Elven Halls
 47143 | Elf:1    | Paralysed by an air elemental for 1 turns
 47210 | Elf:1    | Reached XP level 20. HP: 115/188 MP: 27/27
 47909 | Elf:2    | Identified the +10 eveningstar of Okawaru's Pride {freeze,
                  | rC++} (Okawaru gifted it to you on level 2 of the Elven
                  | Halls)
 47909 | Elf:2    | Received a gift from Okawaru
 48056 | Elf:2    | Found a runed translucent gate.
 48057 | Elf:2    | Found a runed translucent gate.
 48057 | Elf:2    | Found a runed translucent gate.
 48226 | Elf:2    | Found a shimmering blue altar of Sif Muna.
 48393 | Elf:2    | Found Wiemuq's Antique Weapon Boutique.
 48760 | Elf:2    | Received a gift from Okawaru
 49131 | Elf:3    | Entered Level 3 of the Elven Halls
 49237 | Elf:3    | Acquired a manual of Invocations
 49479 | Elf:3    | Noticed Bai Suzhen
 49489 | Arena    | Entered the Arena
 49500 | Arena    | Killed Bai Suzhen
 49838 | Elf:3    | Identified the +0 plate armour of Dyspraxia {rC++ Regen+
                  | Str+2}
 49887 | Elf:3    | Found Xeuh's Antique Weapon Emporium.
 49940 | Elf:3    | Identified the +0 kite shield "Ethobire" {Dex+3} (Okawaru
                  | gifted it to you on level 3 of the Elven Halls)
 49940 | Elf:3    | Received a gift from Okawaru
 50461 | Elf:3    | Identified the ring "Peemum" {Fly MP+9 Int+3}
 50620 | Elf:3    | Identified the +1 hand axe of the Penguin {vorpal, Str+3}
 50845 | Elf:3    | Identified the +4 war axe "Geuneystem" {vorpal, *Corrode
                  | rPois rN++ Will++}
 50880 | Elf:3    | Got Asmodeus's Reference Book on Conjuration and Heat
 51437 | Vaults:3 | Reached XP level 21. HP: 167/199 MP: 21/28
 51438 | Arena    | Entered the Arena
 51470 | Arena    | Killed Mennas
 51703 | Vaults:3 | Acquired the amulet of Kienaonu {Acrobat rElec}
 52241 | Vaults:4 | Identified the +0 barding of Tulips {rCorr} (Okawaru gifted
                  | it to you on level 4 of the Vaults)
 52241 | Vaults:4 | Received a gift from Okawaru
 52428 | Vaults:4 | Found Kuceycs's Antique Weapon Shop.
 52516 | Vaults:4 | Noticed Aizul
 52524 | Vaults:4 | Killed Aizul
 53114 | Vaults:4 | Found a radiant altar of Vehumet.
 54227 | Depths:1 | Entered Level 1 of the Depths
 54566 | Depths:1 | Paralysed by a floating eye for 3 turns
 54636 | Depths:1 | Identified the +1 robe "Quosm" {Int+2 Slay+2} (Okawaru
                  | gifted it to you on level 1 of the Depths)
 54636 | Depths:1 | Received a gift from Okawaru
 54797 | Depths:1 | Found a runed translucent door.
 54800 | Depths:1 | Found a radiant altar of Vehumet.
 54800 | Depths:1 | Noticed an ancient lich
 54912 | Depths:1 | Reached XP level 22. HP: 119/209 MP: 29/29
 55119 | Depths:1 | You fall into a shaft and drop 1 floor!
 55351 | Depths:2 | Found a one-way gate leading to the halls of Pandemonium.
 55594 | Depths:2 | Found a gateway to Hell.
 55605 | Depths:2 | Found a portal to a secret trove of treasure.
 56084 | Depths:2 | HP: 7/209 [vampire knight/+2 vorpal long sword (19)]
 56085 | Depths:2 | Killed from afar by a hell knight

Illustrated notes

Levels and vault maps discovered:
D:1:      wander_arrival_fairy_ring, layout_basic
D:2:      layout_basic, uniq_crazy_yiuf_cottage
D:3:      layout_rooms, nicolae_ecumenical_lake_church
D:4:      layout_cave_pools, xom_confusion_cloud, serial_column_ruins,
          column_ruins_hut, column_ruins_open_medium_water, column_ruins_grid_3,
          column_ruins_columns_corner, column_ruins_grid_1, column_ruins_grid_1,
          gammafunk_ghost_arena, minmay_misc_feat_hallway, minmay_vboxes,
          uniq_edmund, uniq_menkaure, uniq_duvessa
D:5:      layout_basic, minmay_bent
D:6:      layout_rooms, minmay_temple_entry_slanted, uniq_eustachio
D:7:      layout_basic, serial_glass, glass_columns_a, glass_columns_c,
          glass_columns_b, glass_columns_b, glass_columns_a, glass_columns_a,
          grunt_decor_resistance, minmay_checkerbox, uniq_pikel, uniq_maggie,
          uniq_harold
D:8:      layout_gridville, grunt_lair_entry_orc_guard_hut, minmay_microvault,
          uniq_grum, uniq_joseph
D:9:      cheibrodos_helix_gallery, layout_basic, enter_bailey_2
D:10:     cheibrodos_grave_circle, layout_loops_corners
D:11:     layout_rooms, minmay_misc_feat_more_columns, nicolae_elemental_shop
D:12:     layout_loops_corners, david_orc_2
D:13:     nzn_winding_woodlands_medium [nzn_winding_woodlands_5x5_open_star,
          nzn_winding_woodlands_5x15_split_checker,
          nzn_winding_woodlands_5x5_closed_star,
          nzn_winding_woodlands_hourglass, nzn_winding_woodlands_center_garden,
          nzn_winding_woodlands_5x5_default, nzn_winding_woodlands_5x5_three,
          nzn_winding_woodlands_5x15_river_crossing,
          nzn_winding_woodlands_5x5_cross], layout_gridville
D:14:     layout_gridville, grunt_vaults_entry_fortified,
          nemelex_spade_bored_becter, serial_glass, glass_columns_b,
          glass_columns_c, glass_columns_a, glass_columns_a,
          minmay_misc_feat_square, uniq_louise
D:15:     grunt_enter_depths_snipers, layout_loops_ring, basic_altar,
          chequers_serial_rivers_micro_c, nicolae_splish_splash
Temple:   grunt_wide_crystal_templ
Lair:1:   layout_layer_cave, grunt_megastairs_5
Lair:2:   layout_cave_shapes, spider_nest_entry_funnel_web,
          cheibrodos_lair_reptile_den
Lair:3:   layout_chaotic_city, nicolae_swamp_entry_splash_gauntlet, st_stairs_8,
          minmay_stone_trees_small, lemuel_fruit_fields
Lair:4:   layout_roguey
Lair:5:   mu_elephants_graveyard, layout_long_grid,
          chequers_serial_rivers_marsh, uniq_rupert
Lair:6:   minmay_lair_end_frog_pond, layout_misc_corridors, slime_altar_1,
          wad_woods_06
Swamp:1:  layout_basic_swamp, evilmike_swamp_ruin_wall, hangedman_swamp_ravenous
Swamp:2:  nicolae_swamp_standing_stones, layout_falls_marsh,
          evilmike_swamp_ruin_house_6
Swamp:3:  layout_falls_marsh, evilmike_swamp_ruin_house_2, swamp_pool1,
          hangedman_swamp_double_dragon, uniq_kirke
Swamp:4:  swamp_basic_johnstein, layout_basic_swamp
Spider:1: layout_spider_delve
Spider:2: layout_chambers, portal_ice_cave_entry_pillars_2
Spider:3: layout_spider_delve, uniq_arachne
Spider:4: spider_rune_water, drop_trap, nicolae_spider_cling_ruins
Orc:1:    layout_caves, serial_shops, nicolae_shop_bloodbath_and_beyond,
          kennysheep_orc_sif_temple
Orc:2:    st_orc_town, layout_caves, serial_shops, nicolae_shop_stone,
          lightli_church_of_beogh
Elf:1:    layout_loops_ring, hangedman_elven_crosses_minicolossus
Elf:2:    nicolae_elf_blades_crystal_corner, layout_onion_city, serial_shops,
          shop, hangedman_summoners_spam
Elf:3:    minmay_elf_hall_furrowed, layout_gridlike, serial_shops,
          nicolae_shop_overgrown_old_shop, kennysheep_underground_church,
          uniq_bai_suzhen
Vaults:1: hangedman_vaults_impose, nicolae_vaults_yaktaur_gun_rack, v_pattern_1,
          v_misc_11, nicolae_vaults_three_branches, v_alt_pattern_5,
          v_alt_pattern_6, v_misc_23, ontoclasm_vaults_bender,
          layout_vaults_omnibox
Vaults:2: minmay_crypt_entry_simple_walls, nicolae_vaults_asterisk,
          vaults_room_fancy_cross, v_misc_10, v_alt_pattern_1,
          vaults_room_door_ring, layout_vaults_omnigrid
Vaults:3: hangedman_vaults_restitches, v_misc_16,
          vaults_mumra_minichess_inversion, grunt_vaults_diagonal,
          nicolae_vaults_puzzle_piece, v_misc_32, ontoclasm_vaults_gallery,
          hangedman_vaults_corner_blocks, vaults_room_stairs_pillars,
          nicolae_vaults_little_squares_6, hangedman_vaults_stitches,
          vaults_dpeg_cross, vaults_mumra_chevron_long, hangedman_vaults_hat,
          layout_vaults_maze_snakey, uniq_mennas
Vaults:4: grunt_vaults_hallway_short, nicolae_vaults_big_angled_halls,
          grunt_tower_of_power, grunt_vaults_hallway_short, v_misc_26,
          nicolae_vaults_inception_scallops, vaults_mumra_minichess,
          dpeg_vaults_monster_box, grunt_vaults_twisty,
          nicolae_vaults_little_squares_3, v_misc_30, ontoclasm_vaults_eye,
          vaults_dpeg_encased_lava, v_misc_25, ontoclasm_vaults_decontamination,
          ontoclasm_vaults_pinch, layout_vaults_omnicross, serial_shops,
          nicolae_shop_crystal, uniq_aizul
Depths:1: layout_cave_shapes, lightli_too_deep, hangedman_decor_clover_reticule,
          grunt_absolute_annihilation, grunt_megastairs_1, serial_bayou_shore_b,
          serial_bayou_shore_a, serial_bayou_shore_b
Depths:2: hangedman_stitches_corridor, layout_cross, hell_entry,
          grunt_pan_entry_in_and_out, enter_trove_3

Skill      XL: |  1  2  3  4  5  6  7  8  9 10 11 12 13 14 15 16 17 18 19 20 21 22 |
---------------+-------------------------------------------------------------------+-----
Maces & Flails | 3 4 5 6 8 10 12 13 14 18 21 22 | 22.0
Fighting       | 4 6 7 8 10 15 16 19 20 21 22 | 22.0
Invocations    | 1 4 5 8 10 | 10.0
Armour         | 6 8 10 12 15 17 18 | 18.2
Shields        | 6 8 10 12 13 | 13.3
Evocations     | 4 10 | 10.0

Action                   |  1- 3 |  4- 6 |  7- 9 | 10-12 | 13-15 | 16-18 | 19-21 | 22-24 || total
-------------------------+-------+-------+-------+-------+-------+-------+-------+-------++-------
Melee: Flail             |   112 |       |       |       |       |       |       |       ||   112
       Tailslap          |     4 |     9 |    31 |   101 |   272 |   313 |   276 |    27 ||  1033
       Mace              |     1 |    94 |   251 |   698 |  1483 |   451 |       |       ||  2978
       Morningstar       |       |       |       |       |       |  1294 |   637 |       ||  1931
       Eveningstar       |       |       |       |       |       |       |   743 |   148 ||   891
Invok: Heroism           |       |       |       |     8 |    21 |    15 |     6 |       ||    50
       Finesse           |       |       |       |     2 |     3 |     4 |     2 |       ||    11
       Duel              |       |       |       |       |       |       |     2 |       ||     2
 Abil: Rolling Charge    |    30 |    21 |    37 |    61 |    88 |    61 |   139 |     7 ||   444
       Evoke Blink       |       |       |       |       |       |     2 |       |       ||     2
Evoke: Wand              |       |       |       |     1 |     8 |    12 |     5 |       ||    26
       Lightning rod     |       |       |       |       |     3 |     4 |       |       ||     7
       Condenser vane    |       |       |       |       |       |       |     3 |     1 ||     4
       Phial of floods   |       |       |       |       |       |       |     1 |       ||     1
  Use: Potion            |       |     1 |     1 |       |     2 |     4 |     3 |     2 ||    13
       Scroll            |       |       |     5 |    13 |    13 |     5 |    12 |     3 ||    51
Armor: Scale mail        |    43 |    46 |    75 |       |       |       |       |       ||   164
       Leather armour    |       |       |     4 |   230 |   812 |  1612 |   546 |       ||  3204
       Swamp dragon scal |       |       |     1 |       |       |       |       |       ||     1
       Storm dragon scal |       |       |       |       |       |       |   206 |   129 ||   335
Dodge: Dodged            |    40 |    30 |    52 |   231 |   421 |  1030 |   388 |    30 ||  2222
Block: Buckler           |    16 |    13 |    49 |   227 |   637 |   954 |   404 |       ||  2300
       Reflection        |       |       |       |     5 |    29 |     4 |    34 |       ||    72
       Tower shield      |       |       |       |       |       |       |    90 |   176 ||   266
